 Dungeon Crawl Stone Soup version 0.28-a0-983-g1de4e0787c (webtiles) character file.

Game seed: 6069208909679812230

102 Anon1729 the Poker (level 4, -3/37 HPs)
             Began as a Merfolk Monk on Dec 2, 2021.
             Was a Priest of Fedhas.
             Slain by a mummy (14 damage)
             ... in an ossuary.
             The game lasted 00:04:04 (3473 turns).

Anon1729 the Poker (Merfolk Monk)                   Turns: 3473, Time: 00:04:05

Health: -3/37      AC:  2    Str: 13    XL:     4   Next: 78%
Magic:  4/4        EV: 14    Int:  9    God:    Fedhas [***...]
Gold:   166        SH:  0    Dex: 16    Spells: 3/3 levels left

rFire   . . .      SeeInvis .   a - +0 spear
rCold   . . .      Faith    .   (no shield)
rNeg    . . .      Spirit   .   b - +0 robe
rPois   .          Reflect  .   (no helmet)
rElec   .          Harm     .   (no cloak)
rCorr   .          Rampage  .   (no gloves)
Will    .....                   (no boots)
Stlth   ++........              (no amulet)
HPRegen 0.12/turn               (no ring)
MPRegen 0.09/turn               (no ring)

@: no status effects
A: (nimble swimmer 2), mertail
a: Renounce Religion, Wall of Briars, Grow Ballistomycete


You were in an ossuary.
You worshipped Fedhas.
Fedhas was most pleased with you.
You visited 1 branch of the dungeon, and saw 4 of its levels.
You also visited: Ossuary.

You collected 166 gold pieces.

Inventory:

Hand Weapons
 a - a +0 spear (weapon)
Armour
 b - a +0 robe (worn)
 i - +0 fire dragon scales
Jewellery
 j - a ring of magical power
Wands
 h - a wand of paralysis (6)
Scrolls
 d - a scroll of enchant armour {unknown}
Potions
 c - 2 potions of cancellation {unknown}
 e - a potion of attraction {unknown}
 f - 2 potions of heal wounds {unknown}
 g - a potion of resistance {unknown}
 k - a potion of lignification {unknown}


   Skills:
 + Level 4.0 Fighting
 * Level 5.8 Polearms
 + Level 4.8 Dodging
 + Level 3.2 Stealth
 + Level 0.0 Invocations


You had 3 spell levels left.
You didn't know any spells.
Your spell library was empty.

Dungeon Overview and Level Annotations

Branches:
Dungeon (4/15)            Ossuary (1/1)
 Temple: D:4-7

Altars:
Fedhas

Shops:
D:2 (

Annotations:
D:3 2 exclusions


Innate Abilities, Weirdness & Mutations

((You are quick and stealthy near water. (Stealth+, EV+, Speed+++)))
Your lower body shifts to a powerful aquatic tail in water.


Message History

Fedhas accepts your kill. 2 mummies and a zombie come into view. 2 mummies and a zombie come into view.
There is an empty arch of ancient stone here.
There is an empty arch of ancient stone here.
Aiming: Paralyse
Press: ? - help, Shift-Dir - straight line, f - mummy
Aim: a mummy (chance to affect: 46%)
The mummy resists with some effort.
Aiming: Paralyse
Press: ? - help, Shift-Dir - straight line, f/p - mummy
Aim: a mummy (chance to affect: 46%)
The mummy resists with some effort.
Aiming: Paralyse
Press: ? - help, Shift-Dir - straight line, f/p - mummy
Aim: a mummy (chance to affect: 46%)
The mummy resists with some effort.
The mummy closely misses you.
Aiming: Paralyse
Press: ? - help, Shift-Dir - straight line, f/p - mummy
Aim: a mummy (chance to affect: 46%)
The mummy resists with some effort.
The mummy closely misses you.
Aiming: Paralyse
Press: ? - help, Shift-Dir - straight line, f/p - mummy
Aim: a mummy (chance to affect: 46%)
The mummy resists with some effort.
The mummy closely misses you.
Aiming: Paralyse
Press: ? - help, Shift-Dir - straight line, f/p - mummy
Aim: a mummy (chance to affect: 46%)
The mummy suddenly stops moving!
The mummy barely misses you. The mummy hits you!
* * * LOW HITPOINT WARNING * * *
The helpless mummy fails to defend itself.
You hit the mummy.
The mummy is moderately damaged.
The helpless mummy fails to defend itself.
You hit the mummy.
The mummy is severely damaged.
The mummy hits you!
You die...
Fedhas appreciates your contribution to the ecosystem.

#....#
#....#
#....#
#....#
#....#
#....#
#...Z#
#..MM#
#.∩M@#
######


You could see 3 mummies and a hobgoblin zombie.

Vanquished Creatures
  3 adders
  2 worms (D:3)
  4 dart slugs (D:2)
  8 ball pythons
  9 endoplasms
  A giant cockroach (D:3)
  A gnoll zombie (Ossuary)
  5 goblins
  A hobgoblin (D:2)
  4 kobolds (D:3)
  3 quokkas
  6 bats
  2 frilled lizards
  A hobgoblin zombie (Ossuary)
  2 kobold zombies (Ossuary)
  An orc zombie (Ossuary)
  5 rats
58 creatures vanquished.

Vanquished Creatures (others)
  A plant (D:3)
1 creature vanquished.

Grand Total: 59 creatures vanquished

Notes
Turn   | Place    | Note
-------+----------+-------------------------------------------
     0 | D:1      | Anon1729 the Merfolk Monk began the quest for the Orb.
     0 | D:1      | Reached XP level 1. HP: 18/18 MP: 1/1
   385 | D:1      | Reached XP level 2. HP: 24/24 MP: 2/2
   907 | D:2      | Reached skill level 5 in Polearms
   907 | D:2      | Reached XP level 3. HP: 25/29 MP: 3/3
  1116 | D:2      | Found a faded altar of an unknown god.
  1241 | D:2      | Prayed at the altar of an unknown god.
  1241 | D:2      | Became a worshipper of Fedhas Madash
  1241 | D:2      | Reached * piety under Fedhas
  1241 | D:2      | Reached ** piety under Fedhas
  1319 | D:2      | Found Tadd's Antique Weapon Shoppe.
  1654 | D:3      | Reached *** piety under Fedhas
  1892 | D:3      | Reached XP level 4. HP: 23/37 MP: 4/4
  2019 | D:3      | Noticed a black bear
  3326 | D:4      | Found a sand-covered staircase.
  3340 | Ossuary  | Entered an ossuary
  3473 | Ossuary  | Slain by a mummy

Illustrated notes

Levels and vault maps discovered:
D:1:      dpeg_arrival_pond, layout_basic
D:2:      layout_loops_ring, shapermc_ecumenical_altar_hornbeckon, serial_shops,
          nicolae_shop_stone, chequers_arboretum
D:3:      layout_basic, saegor_snake_ambush
D:4:      kennysheep_the_goblin_king, layout_basic, lightli_sewer_entry_pipes,
          enter_ossuary_1, uniq_edmund
Ossuary:  ossuary_tomb_3

Skill      XL: |  1  2  3  4 |
---------------+-------------+-----
Polearms       | 5 |  5.8
Stealth        | 3 |  3.2
Fighting       | 4 |  4.0
Dodging        | |  4.8

Action                   |  1- 3 |  4- 6 || total
-------------------------+-------+-------++-------
Melee: Spear             |   113 |   122 ||   235
Evoke: Wand              |       |     6 ||     6
  Use: Scroll            |     2 |     2 ||     4
 Stab: Sleeping          |    16 |     9 ||    25
       Paralysed         |       |     2 ||     2
Armor: Robe              |     5 |    15 ||    20
Dodge: Dodged            |    51 |    57 ||   108

Table legend: (Time is in decaauts)
 A = Elapsed time spent in this place.
 B = Non-inter-level travel time spent in this place.
 C = Inter-level travel time spent in this place.
 D = Time resting spent in this place.
 E = Time spent auto-exploring this place.
 F = Levels seen in this place.
 G = Mean time per level.
                   A        B        C        D        E       F      G
               +--------+--------+--------+--------+--------+-----+--------+
         Total |   3412 |   3290 |    122 |    748 |   1972 |   5 |  682.4 |
       Dungeon |   3285 |   3163 |    122 |    691 |   1972 |   4 |  821.2 |
       Ossuary |    127 |    127 |      0 |     57 |      0 |   1 |  127.0 |
               +--------+--------+--------+--------+--------+-----+--------+

Top non-repeatable levels by time:
     D:3: 1486 daAuts
     D:2: 1022 daAuts
     D:1: 591 daAuts
     D:4: 184 daAuts
 Ossuary: 127 daAuts
